Map: Frozen Temple

Players

IlIlIlIlIlIl (Naniwa) - Winner!

  • Race: Protoss Protoss
  • League: Master
  • Spawn Location: 5:00

llllllllllll

  • Race: Terran Terran
  • League: Master
  • Spawn Location: 11:00

VOD

Have the link to the VOD?

Description

Time

  • Played on: Oct. 26, 2016, 1:33 p.m.
  • Length: 9:14
Show
View Real Time Build Order
Export as new Build Order

IlIlIlIlIlIl Protoss - Winner!

Build Orders: 1 Gate Expand, Blink Stalkers 

Get SALT Encoding   

  12  0:00  Probe (Chrono Boost)  
  13  0:11  Probe (Chrono Boost)  
  14  0:17  Pylon  
  14  0:22  Probe (Chrono Boost)  
  15  0:35  Probe (Chrono Boost)  
  16  0:37  Gateway  
  16  0:42  Assimilator  
  16  0:46  Probe (Chrono Boost)  
  17  0:56  Probe (Chrono Boost)  
  18  1:07  Probe (Chrono Boost)  
  19  1:19  Nexus  
  19  1:30  Cybernetics Core  
  19  1:32  Probe (Chrono Boost)  
  20  1:37  Assimilator  
  20  1:42  Probe (Chrono Boost)  
  20  1:46  Pylon  
  21  1:53  Probe (Chrono Boost)  
  22  2:06  Mothership Core (Chrono Boost)  
  24  2:11  Warp Gate  
  24  2:16  Stalker  
  26  2:25  Probe (Chrono Boost)  
  27  2:32  Probe (Chrono Boost)  
  27  2:36  Probe (Chrono Boost)  
  29  2:41  Robotics Facility  
  29  2:43  Probe (Chrono Boost)  
  30  2:46  Probe (Chrono Boost)  
  31  2:54  Probe (Chrono Boost)  
  31  2:57  Probe (Chrono Boost)  
  33  2:59  Twilight Council  
  33  3:04  Probe (Chrono Boost)  
  34  3:07  Probe (Chrono Boost)  
  34  3:15  Probe (Chrono Boost)  
  34  3:18  Probe (Chrono Boost)  
  36  3:22  Blink  
  36  3:26  Probe (Chrono Boost), Gateway  
  37  3:27  Gateway  
  37  3:28  Probe (Chrono Boost)  
  37  3:32  Observer (Chrono Boost)  
  39  3:38  Probe  
  39  3:40  Probe  
  41  3:42  Assimilator  
  41  3:46  Pylon  
  41  3:52  Probe x2  
  41  3:55  Observer (Chrono Boost)  
  44  3:57  Pylon  
  44  4:04  Probe x2  
  46  4:16  Probe x2  
  48  4:25  Nexus  
  48  4:28  Stalker x2  
  52  4:32  Stalker  
  54  4:43  Pylon  
  52  4:46  Probe x2  
  54  4:53  Stalker x2  
  54  4:55  Stalker  
  54  4:59  Pylon  
  60  5:02  Probe x2  
  62  5:10  Resonating Glaives  
  62  5:16  Probe x2  
  62  5:19  Forge  
  64  5:26  Sentry  
  64  5:28  Probe x2  
  68  5:37  Probe  
  68  5:40  Probe x2  
  68  5:42  Immortal (Chrono Boost)  
  75  5:48  Probe, Gateway x2, Protoss Ground Weapons Level 1 (Chrono Boost)  
  76  5:52  Probe  
  76  5:54  Gateway  
  77  5:57  Gateway x2  
  77  6:00  Pylon  
  77  6:06  Adept x2  
  77  6:07  Adept  
  84  6:18  Probe x3  
  84  6:19  Pylon  
  84  6:23  Pylon  
  90  6:26  Immortal (Chrono Boost), Pylon  
  90  6:28  Pylon  
  90  6:33  Sentry  
  90  6:37  Pylon  
  90  6:38  Pylon, Adept x2  
  96  6:59  Warp Prism (Chrono Boost), Adept x4  
  96  7:00  Adept x4  
  114  7:23  Nexus  
  114  7:36  Adept x5  
  124  7:37  Adept x3  
  130  8:05  Pylon  
  130  8:07  Pylon  
  130  8:10  Pylon  
  130  8:12  Pylon  
  128  8:16  Stalker x7  
  126  8:23  Stalker  
  126  8:40  Adept x7  
  120  9:06  Stalker  
  120  9:07  Adept x6  
  120  9:08  Adept  
Show
View Real Time Build Order
Export as new Build Order

llllllllllll Terran 

Build Orders: MMM Bio 

Get SALT Encoding   

  12  0:01  SCV  
  13  0:13  SCV  
  14  0:17  Supply Depot  
  14  0:25  SCV  
  15  0:30  Refinery  
  15  0:39  SCV  
  16  0:51  SCV  
  16  0:52  Barracks  
  17  1:03  SCV  
  18  1:15  SCV  
  19  1:28  SCV  
  20  1:39  Reaper  
  21  1:40  Orbital Command  
  21  1:48  Command Center  
  21  1:59  Factory  
  21  2:10  SCV  
  21  2:12  Supply Depot  
  22  2:18  Reaper  
  23  2:33  Refinery  
  23  2:34  SCV  
  24  2:46  SCV  
  24  2:48  Factory Tech Lab  
  25  2:55  Barracks x2  
  25  2:58  SCV  
  26  3:01  Orbital Command  
  26  3:10  Cyclone  
  29  3:22  Mag-Field Accelerator  
  29  3:24  SCV  
  29  3:26  SCV  
  30  3:36  SCV  
  30  3:38  SCV  
  32  3:42  Supply Depot, Cyclone  
  32  3:45  Barracks Tech Lab  
  36  3:49  Barracks Reactor, SCV  
  36  3:51  SCV  
  36  3:54  Refinery  
  38  4:01  SCV  
  39  4:03  SCV  
  39  4:04  Supply Depot  
  39  4:08  Stimpack, Marine  
  41  4:10  Marine  
  41  4:13  SCV  
  41  4:15  SCV  
  44  4:20  Engineering Bay  
  48  4:24  Cyclone  
  48  4:25  SCV  
  48  4:27  SCV  
  48  4:29  Marine x3  
  48  4:30  Marine  
  54  4:37  SCV  
  55  4:43  SCV  
  56  4:47  Marine x3  
  56  4:48  Marine  
  56  4:49  SCV  
  61  5:04  Starport, Marine  
  62  5:07  Terran Infantry Weapons Level 1  
  62  5:09  Supply Depot  
  62  5:10  Supply Depot  
  62  5:12  Factory Reactor  
  62  5:18  Marine  
  62  5:19  SCV x2, Marauder  
  62  5:20  Marauder  
  69  5:22  Marine  
  70  5:31  SCV x2  
  72  5:36  Marine  
  72  5:40  Marauder, Marine  
  72  5:42  Marauder  
  70  5:43  SCV  
  70  5:44  SCV  
  70  5:45  Supply Depot  
  72  5:54  Medivac x2, Marine  
  72  5:56  Combat Shields  
  73  5:58  Marine  
  74  6:10  Command Center, Supply Depot  
  74  6:15  Marauder, Marine  
  74  6:17  Marine  
  74  6:18  Marine  
  79  6:31  Medivac x2  
  79  6:32  Marine  
  83  6:35  Refinery, Marine  
  83  6:36  Supply Depot  
  83  6:38  Supply Depot  
  85  6:41  Marine x2  
  87  6:49  Factory Reactor  
  87  6:50  Barracks, Marine  
  87  6:51  Liberator x2, Barracks  
  87  6:52  SCV  
  89  6:55  Marine  
  89  6:59  Marauder, Marine  
  87  7:17  Marauder  
  87  7:18  Marine  
  87  7:21  Marauder  
  87  7:25  Widow Mine x2  
  89  7:31  Bunker  
  89  7:33  Liberator, Orbital Command  
  89  7:34  Liberator, Marine  
  89  7:36  Marine  
  90  7:47  Supply Depot  
  96  7:53  Widow Mine x2  
  96  8:00  Marine x2  
  96  8:01  Marine x4  
  91  8:22  Marauder, Marine x2  
  91  8:23  Marauder  
  91  8:28  Marine x2  
  91  8:32  SCV x2  
  73  8:40  Marine x2  
  70  8:43  Marine x2  
  70  8:44  SCV x2  
  70  8:46  Marine x2  
  75  8:50  SCV  
  72  8:56  SCV x2  
  72  9:02  SCV  
Tags
 
Add a new tag
Caveats
  • Supply blocks, unpowered buildings, or Contaminate may cause inaccurate times.
  • Supply counts are checked every 10 seconds.